 Dungeon Crawl Stone Soup version 0.28.0-47-ge53b351184 (webtiles) character file.

Game seed: 9163922417636750863

553 Kaptain the Digger (level 7, -7/41 HPs)
             Began as a Gargoyle Earth Elementalist on May 6, 2022.
             Mangled by Duvessa
             ... wielding a +0 short sword
              (9 damage)
             ... on level 4 of the Dungeon.
             The game lasted 00:11:18 (5353 turns).

Kaptain the Digger (Gargoyle Earth Elementalist)    Turns: 5353, Time: 00:11:18

Health: -7/41      AC:  9    Str: 12    XL:     7   Next: 29%
Magic:  9/12       EV: 11    Int: 17    God:
Gold:   133        SH:  0    Dex: 10    Spells: 8/12 levels left

rFire   . . .      SeeInvis .   d - +0 hunting sling (flame)
rCold   . . .      Faith    .   (no shield)
rNeg    + . .      Spirit   .   v - +0 leather armour
rPois   ∞          Reflect  .   j - +0 helmet
rElec   +          Harm     .   (no cloak)
rCorr   .          Rampage  .   (no gloves)
Will    .....                   (no boots)
Stlth   ++........              (no amulet)
HPRegen 0.13/turn               (no ring)
MPRegen 0.13/turn               (no ring)

@: slowed, very slow
A: sickness immunity, AC +4, negative energy resistance 1, electricity
resistance, torment resistance 1, petrification resistance
a: no special abilities


You were on level 4 of the Dungeon.
You visited 1 branch of the dungeon, and saw 4 of its levels.

You collected 133 gold pieces.

Inventory:

Hand Weapons
 d - a +0 hunting sling of flaming (weapon)
 g - a +0 trident
 u - a +4 vampiric rapier
Missiles
 c - 79 stones
 n - 6 sling bullets (quivered ammo)
Armour
 j - a +0 helmet (worn)
 v - a +0 leather armour (worn)
Wands
 w - a wand of flame (7)
Scrolls
 a - a scroll of identify
 l - a scroll of fear
 t - a scroll of teleportation
Potions
 b - a potion of might
 i - a potion of brilliance {unknown}
 q - a potion of haste {unknown}
 r - a potion of degeneration {unknown}
 s - a potion of curing {unknown}


   Skills:
 * Level 3.4 Fighting
 + Level 2.2 Armour
 + Level 2.3 Dodging
 + Level 3.1 Stealth
 * Level 3.4 Spellcasting
 * Level 3.2 Conjurations
 - Level 0.7 Transmutations
 * Level 5.2 Earth Magic


You had 8 spell levels left.
You knew the following spells:

 Your Spells              Type           Power      Damage    Failure   Level
a - Sandblast             Erth           40%        2d10      2%          1
b - Stone Arrow           Conj/Erth      34%        3d9       11%         3

Your spell library contained the following spells:

 Spells                   Type           Power      Damage    Failure   Level
 Passwall                 Tmut/Erth      10%        N/A       10%         2
 Sting                    Tmut/Pois      16%        1d3       19%         1
 Summon Small Mammal      Summ           8%         N/A       22%         1
 Petrify                  Tmut/Erth      13%        N/A       52%         4
 Call Canine Familiar     Summ           2%         N/A       54%         3
 Gell's Gravitas          Tloc           2%         N/A       54%         3
 Lesser Beckoning         Tloc           2%         N/A       54%         3
 Portal Projectile        Hex/Tloc       4%         N/A       54%         3
 Summon Guardian Golem    Hex/Summ       2%         N/A       54%         3
 Teleport Other           Tloc           2%         N/A       54%         3
 Blade Hands              Tmut           2%         N/A       99%         5
 Excruciating Wounds      Necr           1%         N/A       99%         5


Dungeon Overview and Level Annotations

Branches:
Dungeon (4/15)
 Temple: D:4-7

Altars:
Uskayaw

Annotations:
D:3 Edmund
D:4 Duvessa, Natasha


Innate Abilities, Weirdness & Mutations

You are immune to sickness and miasma.
Your stone body is resilient. (AC +4)
You are immune to poison.
You resist negative energy. (rN+)
You are resistant to electric shocks. (rElec)
You are resistant to unholy torment.
You are immune to petrification.


Message History

Natasha casts a spell at you.
You feel yourself slow down.
Duvessa rages.
Natasha howls an incantation.
You feel troubled. Natasha claws you.
The endoplasm quivers.
Natasha casts a spell at you. The magic dart hits you. Natasha claws you.
Natasha casts a spell at you. The magic dart hits you.
Duvessa rages.
Natasha mumbles some strange words.
Natasha's front paws start to glow.
Natasha wildly gestures.
Natasha's front paws start to glow.
Natasha misses you. Duvessa hits you with a +0 short sword. Natasha claws you.
Duvessa rages.
Duvessa closely misses you.
Natasha howls an incantation.
Natasha glows brightly for a moment.
Duvessa barely misses you. Duvessa hits you with a +0 short sword!
* * * LOW HITPOINT WARNING * * *
As you read the scroll of fear, it crumbles to dust.
You assume a fearsome visage.
Duvessa is unaffected.
Natasha looks frightened!
The endoplasm looks frightened!
Duvessa completely misses you. Duvessa barely misses you.
Okay, then.
Cast which spell? (? or * to list)
Aiming: Stone Arrow (dangerous; 11% risk of failure)
Press: ? - help, Shift-Dir - straight line, f/p - Natasha
Aim: Natasha (fleeing, 60% to hit)
The stone arrow misses Natasha.
Duvessa hits you with a +0 short sword.
* * * LOW HITPOINT WARNING * * *
Duvessa hits you with a +0 short sword.
* * * LOW HITPOINT WARNING * * *
Duvessa hits you with a +0 short sword!
You die...

#.#.#######..≈.#...#.≈.##.#
#.#.#######..≈.#._.#.≈.##.####
.............≈.#...#.≈.......#
#.#.######.#h≈.#.###.≈..#.##.#
#...# #.#.≈.......≈÷......#
#.#.# #.#.≈≈≈≈≈.≈≈≈....#..##
....# #.#...........##.#...#
###.# #.###.#######.##.##..#
###.######.....e@.)..<.##<##..#
.............>########.##.##..#
###.#######.### #.##.....# #.#
#.# ####.##.##.## #.#
#.#######.......##.#### #..
#...................... ###
#.#................#### #.#
#.#.#####.......#..## #.# #.#.#
#).#........#


You could see Duvessa (berserk).

Vanquished Creatures
  Eustachio (D:4)
  An ice beast (D:4)
  A water moccasin zombie (D:3)
  Dowan (D:4)
  A jelly (D:4)
  Natasha (twice) (D:4)
  Robin (D:2)
  2 adders
  A white imp (D:3)
  3 worms
  2 dart slugs
  2 orcs
  13 endoplasms
  3 giant cockroaches
  9 goblins
  11 hobgoblins
  8 kobolds
  2 quokkas
  12 ball pythons
  6 bats
  4 frilled lizards
  9 rats
95 creatures vanquished.

Notes
Turn   | Place    | Note
-------+----------+-------------------------------------------
     0 | D:1      | Kaptain the Gargoyle Earth Elementalist began the quest for
                  | the Orb.
     0 | D:1      | Reached XP level 1. HP: 10/10 MP: 3/3
    87 | D:1      | Reached XP level 2. HP: 6/16 MP: 1/5
   323 | D:1      | Found a faded altar of an unknown god.
   335 | D:1      | Got Plato's Catalogue of Poisoning
   444 | D:1      | Reached skill level 1 in Fighting
   658 | D:1      | Reached XP level 3. HP: 20/20 MP: 6/6
   662 | D:1      | Learned a level 3 spell: Stone Arrow
   776 | D:1      | Reached skill level 1 in Conjurations
   776 | D:1      | Reached skill level 4 in Earth Magic
  1152 | D:1      | Reached skill level 1 in Armour
  1285 | D:2      | Noticed Robin
  1878 | D:2      | Identified the +7 whip "Ydolaeda" {antimagic, Str+4 Stlth+}
  1896 | D:2      | Reached XP level 4. HP: 15/25 MP: 2/7
  2198 | D:2      | Killed Robin
  2914 | D:3      | Reached XP level 5. HP: 27/31 MP: 2/9
  3964 | D:4      | Noticed Natasha
  3971 | D:4      | Killed Natasha
  3994 | D:4      | Noticed Natasha
  4000 | D:4      | Killed Natasha
  4001 | D:4      | Reached XP level 6. HP: 36/36 MP: 4/10
  4073 | D:4      | Noticed Edmund
  4350 | D:4      | Noticed Eustachio
  4353 | D:4      | Noticed an ice beast
  4786 | D:4      | Noticed Duvessa
  4786 | D:4      | Noticed Dowan
  4790 | D:4      | Killed Dowan
  4889 | D:4      | Found a hide-covered altar of Uskayaw.
  4895 | D:4      | Killed Eustachio
  4896 | D:4      | Reached skill level 5 in Earth Magic
  5074 | D:4      | Killed an ice beast
  5075 | D:4      | Reached XP level 7. HP: 31/41 MP: 0/12
  5285 | D:4      | Noticed Natasha
  5352 | D:4      | HP: 2/41 [Duvessa/+0 short sword (5)]
  5353 | D:4      | Mangled by Duvessa

Illustrated notes

Levels and vault maps discovered:
D:1:      grunt_arrival_crossed_arrows, layout_basic,
          shapermc_ecumenical_altar_rom_forum, minmay_bisected
D:2:      layout_rooms, uniq_robin
D:3:      layout_basic, grunt_decor_fettered
D:4:      layout_basic, mainiacjoe_overflow_brackets, uniq_edmund,
          uniq_eustachio, uniq_duvessa, uniq_natasha

Skill      XL: |  1  2  3  4  5  6 |
---------------+-------------------+-----
Fighting       | 1 2 3 |  3.4
Conjurations   | 1 2 3 |  3.2
Earth Magic    | 4 5 |  5.2
Armour         | 1 2 |  2.2
Dodging        | 2 |  2.3
Spellcasting   | 3 |  3.4
Stealth        | 3 |  3.1
Transmutations | |  0.7

Action                   |  1- 3 |  4- 6 |  7- 9 || total
-------------------------+-------+-------+-------++-------
Melee: Dagger            |     5 |       |       ||     5
       Mace              |    46 |    62 |       ||   108
       Punch             |       |     1 |       ||     1
 Fire: Hunting sling     |    20 |    37 |    14 ||    71
 Cast: Sandblast         |    36 |    52 |     2 ||    90
       Stone Arrow       |       |     9 |     1 ||    10
  Use: Scroll            |       |     9 |     1 ||    10
 Stab: Sleeping          |       |     1 |       ||     1
Armor: Robe              |    38 |       |       ||    38
       Leather armour    |       |    48 |       ||    48
Dodge: Dodged            |    65 |    81 |     7 ||   153
